 Dungeon Crawl Stone Soup version 0.32-a0-913-g739538afd8 (webtiles) character file.

Game seed: 18075358208902994116

17770 jasper the Fencer (level 12, -17/145 HPs)
             Began as a Demonspawn Berserker on Apr 7, 2024.
             Was an Elder of Trog.
             Killed from afar by a frost giant (39 damage)
             ... with a bolt of cold
             ... on level 11 of the Dungeon.
             The game lasted 00:24:18 (14484 turns).

jasper the Fencer (Demonspawn Berserker)           Turns: 14484, Time: 00:24:19

Health: -17/145    AC: 15    Str: 18    XL:     12   Next: 21%
Magic:  12/12      EV: 14    Int:  7    God:    Trog [****..]
Gold:   1391       SH:  0    Dex: 22    Spells: 11/11 levels left

rFire   . . .        t - +0 great sword
rCold   . . .        (shield currently unavailable)
rNeg    . . .        j - +1 chain mail
rPois   .            (no helmet)
rElec   .            (no cloak)
rCorr   +            B - +0 pair of gloves
SInv    .            X - +2 pair of boots
Will    ++...        c - amulet of faith Stlth
                     A - ring of resist corrosion
HPRegen 1.44/turn    C - +5 ring of evasion
MPRegen 0.13/turn

%: faith
@: berserking (expiring), strong-willed, regenerating, very quick
A: claws 2, thin skeletal structure 2, demonic guardian 2, powered by death 1
a: Renounce Religion, Berserk, Trog's Hand, Brothers in Arms


You were on level 11 of the Dungeon.
You worshipped Trog.
Trog was greatly pleased with you.
You visited 1 branch of the dungeon, and saw 11 of its levels.
You also visited: Bailey.

You collected 1391 gold pieces.

Inventory:

Hand Weapons
 a - a +1 dagger of electrocution
 t - a +0 great sword (weapon)
 w - a +1 dagger of flaming
 U - a +0 heavy triple sword
Missiles
 d - 40 stones
 i - 17 poisoned darts
 r - 8 boomerangs (quivered)
 Q - a throwing net
 Z - a curare-tipped dart
Armour
 b - a +0 animal skin
 h - a +0 leather armour
 j - a +1 chain mail (worn)
 p - a +0 plate armour
 B - a +0 pair of gloves (worn)
 G - a +0 chain mail of fire resistance
 X - a +2 pair of boots (worn)
Jewellery
 c - an amulet of faith (around neck)
 m - an amulet of the acrobat
 A - a ring of resist corrosion (left hand)
 C - a +5 ring of evasion (right hand)
 D - a +6 ring of strength
 V - a ring of flight
Wands
 x - a wand of roots (1)
 F - a wand of flame (5)
 L - a wand of paralysis (16)
 S - a wand of polymorph (7)
Scrolls
 e - a scroll of revelation
 f - 5 scrolls of immolation
 g - 3 scrolls of fog
 k - 2 scrolls of torment
 l - 3 scrolls of enchant armour
 v - 3 scrolls of teleportation
 I - a scroll of enchant weapon
Potions
 n - 10 potions of degeneration
 o - 5 potions of might
 q - 4 potions of heal wounds
 s - a potion of enlightenment
 z - 2 potions of lignification
 E - a potion of haste
 H - 2 potions of brilliance
 J - 3 potions of magic
 K - 4 potions of mutation {unknown}
 M - 2 potions of cancellation {unknown}
 N - 2 potions of resistance {unknown}
 O - 3 potions of invisibility {unknown}
 P - 5 potions of curing {unknown}
 R - 2 potions of berserk rage {unknown}
 T - 2 potions of attraction {unknown}
 W - a potion of ambrosia {unknown}


   Skills:
 + Level 10.0 Fighting
 * Level 15.4 Long Blades
 - Level 5.0 Armour
 + Level 4.1 Dodging


You had 11 spell levels left.
You didn't know any spells.
Your spell library was empty.

Dungeon Overview and Level Annotations

Branches:
Dungeon (11/15)            Temple (0/1) D:4            Lair (0/5) D:11
    Orc (0/2) D:11         Bailey (visited)

Altars:
Ashenzari
Dithmenos
Hepliaklqana
Kikubaaqudgha
Makhleb
Trog
Beogh


Innate Abilities, Weirdness & Mutations

You have very sharp fingernails.
You have a moderately thin skeletal structure. (Dex +4, Stealth++)
A demonic guardian rushes to your aid.
You regenerate a little health from kills.


Message History

The frost giant points at you and mumbles some strange words.
The bolt of cold hits you!!
You take 25 damage, and have 72/97 hp.
MASSIVE DAMAGE!!
Careful!
You are starting to lose your buoyancy.
The frost giant gestures at you while chanting.
The bolt of cold hits you.
You take 3 damage, and have 70/97 hp.
The frost giant splashes around in the water.
The frost giant splashes around in the water.
The frost giant casts a spell at you. The bolt of cold hits you!!
A demonic guardian appears!
You take 34 damage, and have 37/97 hp.
MASSIVE DAMAGE!!
You swap places.
Your ice devil hits the frost giant!
Your ice devil freezes the frost giant.
The frost giant resists.
The frost giant is engulfed in freezing vapours.
The frost giant misses your ice devil.
Your ice devil splashes around in the water.
You float gracefully downwards.
The frost giant hits your ice devil with a +2 battleaxe of freezing!!
Your ice devil splashes around in the water.
Your skin crawls.
You feel strong-willed.
The frost giant hits your ice devil with a +2 battleaxe of freezing!!
Your ice devil dies!
Your ice devil disappears in a puff of smoke!
A red film seems to cover your vision as you go berserk!
You feel yourself moving faster!
You feel mighty!
The frost giant gestures at you while chanting.
The bolt of cold hits you!!!
* * * LOW HITPOINT WARNING * * *
You now have 19/145 hp.
Okay, then.
You feel a strong urge to attack something.
Your enlightenment fades.
You slash the frost giant!
The frost giant is moderately wounded.
The frost giant is engulfed in freezing vapours.
The frost giant points at you and mumbles some strange words.
The bolt of cold hits you!!!
You die...

..#
#.~≈≈≈≈≈≈≈≈≈≈≈≈≈≈≈≈≈#
..#
##~≈≈≈≈≈≈≈≈≈≈≈≈≈≈≈≈≈
..#
##≈≈≈≈≈≈≈≈≈≈≈≈≈≈≈≈
..#
###≈≈≈≈≈≈≈≈≈≈###≈≈
..# ##≈≈≈≈≈≈≈≈≈≈###
..# #≈≈≈≈####≈≈≈# ..#
##≈≈~≈# ≈≈## ..#
##~~C# ≈## ..#
##..@## ..# #.....#
#.# #.....~≈≈# #.#
###..##≈≈≈≈≈ ..# ####
≈≈≈≈# ### ≈~≈# ~~#
.##


You could see a frost giant.

Vanquished Creatures
  Lodul (D:10)
  An ugly thing (D:11)
  2 cyclopes
  A manticore (D:11)
  An ice statue (D:11)
  A gargoyle (D:10)
  A kobold demonologist (D:11)
  A tengu conjurer (D:10)
  A troll (D:11)
  2 hornets
  A shadow (D:9)
  2 water elementals (D:11)
  14 yaks
  Eustachio (D:4)
  A basilisk (D:11)
  3 vampire mosquitoes (D:11)
  2 steam dragons
  Edmund (D:6)
  An acid dragon (D:10)
  A water moccasin (D:5)
  16 ice beasts
  A sky beast (D:7)
  A black bear (D:7)
  6 ogres
  8 orc warriors
  2 centaurs
  3 phantoms
  2 kobold brigands (D:11)
  A gnoll sergeant (D:9)
  6 bullfrogs
  A scorpion (D:6)
  10 wights
  3 killer bees (D:11)
  2 electric eels (D:11)
  A quasit (D:7)
  A bombardier beetle (D:3)
  A jelly (D:5)
  7 orc priests
  4 hounds
  2 sleepcaps
  Ijyb (D:4)
  3 iguanas
  15 orc wizards
  18 gnolls
  9 adders
  A river rat (D:4)
  4 shadow imps
  4 white imps (D:7)
  7 ufetubi
  3 ribbon worms
  A dart slug (D:1)
  46 orcs
  8 ball pythons
  7 endoplasms
  3 giant cockroaches
  11 goblins
  12 hobgoblins
  6 quokkas
  2 bats
  2 frilled lizards
  6 kobolds
  3 rats (D:1)
289 creatures vanquished.

Vanquished Creatures (collateral kills)
  A boulder beetle (D:11)
  A two-headed ogre (D:9)
  A manticore (D:11)
  An unseen horror (D:11)
  A tengu conjurer (D:10)
  6 yaks
  A vampire mosquito (D:11)
  A water moccasin (D:8)
  4 ice beasts (D:11)
  4 ogres (D:10)
  A centaur (D:8)
  4 wights (D:8)
  5 killer bees
  A bombardier beetle (D:6)
  An orc priest (D:11)
  2 orc wizards
  A gnoll (Bailey)
  4 orcs
  A kobold (D:4)
41 creatures vanquished.

Vanquished Creatures (others)
  An orc wizard (D:5)
1 creature vanquished.

Grand Total: 331 creatures vanquished

Notes
Turn   | Place    | Note
-------+----------+-------------------------------------------
     0 | D:1      | jasper the Demonspawn Berserker began the quest for the
                  | Orb.
     0 | D:1      | Reached XP level 1. HP: 18/18 MP: 1/1
    76 | D:1      | Reached skill level 3 in Long Blades
   204 | D:1      | Found a faded altar of an unknown god.
   239 | D:1      | Gained mutation: A weak demonic guardian rushes to your
                  | aid. [demonic ancestry]
   239 | D:1      | Reached XP level 2. HP: 19/24 MP: 2/2
  1306 | D:2      | Reached XP level 3. HP: 29/29 MP: 3/3
  1476 | D:2      | Reached skill level 4 in Long Blades
  1791 | D:2      | Reached ** piety under Trog
  1792 | D:2      | Reached XP level 4. HP: 35/35 MP: 4/4
  2095 | D:3      | Reached skill level 5 in Long Blades
  2497 | D:3      | Reached XP level 5. HP: 40/41 MP: 5/5
  2825 | D:4      | Noticed Eustachio
  3084 | D:4      | Noticed Ijyb
  3113 | D:4      | Killed Ijyb
  3114 | D:4      | Reached skill level 6 in Long Blades
  3147 | D:4      | Gained mutation: You have a somewhat thin skeletal
                  | structure. (Dex +2, Stealth+) [demonic ancestry]
  3147 | D:4      | Reached XP level 6. HP: 45/47 MP: 6/6
  3395 | D:4      | Killed Eustachio
  3396 | D:4      | Reached skill level 7 in Long Blades
  3506 | D:4      | Reached *** piety under Trog
  3564 | D:4      | Found a staircase to the Ecumenical Temple.
  3574 | D:4      | Gained mutation: You regenerate a little health from kills.
                  | [demonic ancestry]
  3574 | D:4      | Reached XP level 7. HP: 50/52 MP: 7/7
  4109 | D:5      | Entered Level 5 of the Dungeon
  4479 | D:5      | Reached skill level 8 in Long Blades
  4984 | D:5      | Reached skill level 9 in Long Blades
  4984 | D:5      | Gained mutation: You have a moderately thin skeletal
                  | structure. (Dex +4, Stealth++) [demonic ancestry]
  4984 | D:5      | Reached XP level 8. HP: 34/58 MP: 8/8
  4985 | D:5      | Found a bloodstained altar of Trog.
  5791 | D:6      | Reached skill level 10 in Long Blades
  6181 | D:6      | Noticed Edmund
  6191 | D:6      | Killed Edmund
  6502 | D:6      | Gained mutation: You have sharp fingernails. [demonic
                  | ancestry]
  6502 | D:6      | Reached XP level 9. HP: 66/66 MP: 9/9
  6507 | D:6      | Reached skill level 11 in Long Blades
  6521 | D:6      | Reached skill level 5 in Fighting
  6820 | D:6      | Found a shadowy altar of Dithmenos.
  6821 | D:6      | Found a hazy altar of Hepliaklqana.
  6912 | D:6      | Identified the +1 spear of the Pyrrhic Victory {holy,
                  | *Corrode Dex+5}
  7118 | D:7      | Found an ancient bone altar of Kikubaaqudgha.
  7118 | D:7      | Found a broken altar of Ashenzari.
  7295 | D:7      | Noticed a cyclops
  7310 | D:7      | Killed a cyclops
  7556 | D:7      | Reached skill level 12 in Long Blades
  7585 | D:7      | Reached **** piety under Trog
  7948 | D:7      | Gained mutation: A demonic guardian rushes to your aid.
                  | [demonic ancestry]
  7948 | D:7      | Reached XP level 10. HP: 74/77 MP: 10/10
  8774 | D:8      | Reached skill level 13 in Long Blades
  8891 | D:8      | Found a flagged portal.
  8898 | D:8      | Reached ***** piety under Trog
  8906 | Bailey   | Entered a bailey
 11006 | D:9      | Gained mutation: You have very sharp fingernails. [demonic
                  | ancestry]
 11006 | D:9      | Reached XP level 11. HP: 64/86 MP: 11/11
 11169 | D:9      | Noticed a two-headed ogre
 11178 | D:9      | Killed a two-headed ogre
 11437 | D:9      | Found a burning altar of Makhleb.
 11632 | D:10     | Entered Level 10 of the Dungeon
 11649 | D:10     | Received a gift from Trog
 11909 | D:10     | Noticed Lodul
 12032 | D:10     | Reached skill level 14 in Long Blades
 12157 | D:10     | Killed Lodul
 12806 | D:11     | Reached skill level 5 in Armour
 12820 | D:11     | Found a broken altar of Ashenzari.
 12959 | D:11     | Noticed a red ugly thing
 12972 | D:11     | Killed a red ugly thing
 13198 | D:11     | Found a staircase to the Orcish Mines.
 13251 | D:11     | Noticed a soul eater
 13405 | D:11     | Noticed a boulder beetle
 13413 | D:11     | Found a roughly hewn altar of Beogh.
 13457 | D:11     | Reached skill level 15 in Long Blades
 13469 | D:11     | Killed a boulder beetle
 13470 | D:11     | Reached XP level 12. HP: 36/97 MP: 12/12
 13885 | D:11     | Found a staircase to the Lair.
 14271 | D:11     | Reached skill level 10 in Fighting
 14469 | D:11     | Noticed a frost giant
 14484 | D:11     | Killed from afar by a frost giant

Illustrated notes

Levels and vault maps discovered:
D:1:      saegor_arrival_simple_d, layout_loops_ring,
          shapermc_ecumenical_altar_totnotflames, minmay_distorted
D:2:      layout_basic, st_stairs_3, kennysheep_nub, bh_walls_and_bars
D:3:      layout_rooms, st_stairs_12, kennysheep_potato
D:4:      kennysheep_spiral_hall, layout_loops_ring, zin_treasury,
          minmay_temple_entry_hall, gup_sewer_entry_bubbles,
          nicolae_figureground_sparkle, uniq_eustachio, uniq_ijyb
D:5:      layout_basic, mainiacjoe_overflow_chevrons
D:6:      layout_loops_ring, riverfiend_overflow_shadow_ancestor, uniq_edmund
D:7:      layout_loops_corners, amethyst_overflow_temple_binary, serial_demonic,
          serial_demonic_f, serial_demonic_b, serial_demonic_c,
          serial_demonic_f, serial_demonic_d, serial_demonic_a, serial_demonic_c
D:8:      layout_basic, enter_bailey_7
D:9:      layout_basic, mainiacjoe_overflow_paths
D:10:     layout_rooms, uniq_lodul
D:11:     minmay_twisted_water, layout_basic, minmay_orc_entry_temple_small,
          ashenzari_conservatory_becter

Skill      XL: |  1  2  3  4  5  6  7  8  9 10 11 12 |
---------------+-------------------------------------+-----
Long Blades    | 3 4 5 6 7 9 10 12 13 15 | 15.4
Fighting       | 4 6 8 9 10 | 10.0
Armour         | 3 5 |  5.0
Dodging        | 3 4 |  4.1

Action                     |  1- 3 |  4- 6 |  7- 9 | 10-12 || total
---------------------------+-------+-------+-------+-------++-------
  Melee: Falchion          |    28 |       |       |       ||    28
         Long sword        |    61 |   195 |   350 |    97 ||   703
         Great sword       |       |       |       |   447 ||   447
  Throw: Stone             |     7 |     3 |       |       ||    10
         Boomerang         |       |     8 |    41 |    31 ||    80
 Invoke: Berserk           |     1 |     2 |     8 |     6 ||    17
         Trog's Hand       |       |     2 |     3 |     8 ||    13
         Brothers in Arms  |       |       |       |     3 ||     3
  Evoke: Wand              |       |     5 |     7 |    11 ||    23
    Use: Scroll            |     6 |     4 |     2 |    14 ||    26
         Potion            |       |       |       |     2 ||     2
   Stab: Paralysed         |       |       |       |     2 ||     2
 Armour: Animal skin       |     6 |       |       |       ||     6
         Leather armour    |     3 |       |       |       ||     3
         Chain mail        |    68 |   182 |   243 |   432 ||   925
         Plate armour      |       |     3 |       |       ||     3
  Dodge: Dodged            |    34 |    67 |   150 |   374 ||   625

Table legend: (Time is in decaauts)
 A = Elapsed time spent in this place.
 B = Non-inter-level travel time spent in this place.
 C = Inter-level travel time spent in this place.
 D = Time resting spent in this place.
 E = Time spent auto-exploring this place.
 F = Levels seen in this place.
 G = Mean time per level.
                   A        B        C        D        E       F      G
               +--------+--------+--------+--------+--------+-----+--------+
         Total |  14687 |  13938 |    749 |   2552 |   8354 |  12 | 1223.9 |
       Dungeon |  13966 |  13217 |    749 |   2384 |   7950 |  11 | 1269.6 |
        Bailey |    720 |    720 |      0 |    168 |    404 |   1 |  720.0 |
               +--------+--------+--------+--------+--------+-----+--------+

Top non-repeatable levels by time:
    D:11: 1905 daAuts
     D:7: 1730 daAuts
     D:5: 1584 daAuts
     D:4: 1420 daAuts
     D:6: 1198 daAuts
     D:8: 1197 daAuts
     D:9: 1183 daAuts
     D:1: 1092 daAuts
     D:2: 1066 daAuts
    D:10: 870 daAuts
  Bailey: 720 daAuts
     D:3: 716 daAuts
